 Dungeon Crawl Stone Soup version 0.31-a0-667-g39726597b9 (webtiles) character file.

Game seed: 8573225739691171129

1 Bravepunisher the Ducker (level 1, -5/11 HPs)
             Began as a Spriggan Monk on Sept 3, 2023.
             Killed from afar by Ijyb (10 damage)
             ... with a puff of flame
             ... on level 4 of the Dungeon.
             The game lasted 00:00:54 (133 turns).

Bravepunisher the Ducker (Spriggan Monk)             Turns: 133, Time: 00:00:55

Health: -5/11      AC:  2    Str:  7    XL:     1   Next: 16%
Magic:  2/2        EV: 18    Int: 11    God:
Gold:   0          SH:  0    Dex: 17    Spells: 0/0 levels left

rFire   . . .        a - +0 short sword
rCold   . . .        d - orb {light}
rNeg    . . .        b - +0 robe
rPois   .            (helmet restricted)
rElec   .            (no cloak)
rCorr   .            (gloves unavailable)
SInv    +            (boots unavailable)
Will    .....        (no amulet)
Stlth   +            (no ring)
HPRegen 0.21/turn    (no ring)
MPRegen 0.08/turn

%: no passive effects
@: glowing, very quick
A: very small, no large weapons, unfitting armour, see invisible, speed 3
a: no special abilities


You were on level 4 of the Dungeon.
You visited 1 branch of the dungeon, and saw 4 of its levels.

Inventory:

Hand Weapons
 a - a +0 short sword (weapon)
Armour
 b - a +0 robe (worn)
 d - an orb of light (worn)
Scrolls
 e - a scroll of torment {unknown}
Potions
 c - a potion of ambrosia
 f - a potion of might {unknown}


   Skills:
 + Level 2.4 Fighting
 - Level 3.2 Short Blades
 * Level 4.1 Dodging


You couldn't memorise any spells.
You didn't know any spells.
Your spell library was empty.

Dungeon Overview and Level Annotations

Branches:
Dungeon (4/15)
 Temple: D:4-7

Altars:

Annotations:
D:4 Dowan, Duvessa, Ijyb


Innate Abilities, Weirdness & Mutations

You are very small and have problems with some larger weapons.
You are too small for most types of armour.
You have supernaturally acute eyesight. (SInv)
You cover ground extremely quickly. (Speed+++)


Message History

Found a stone staircase leading down.
There is a stone staircase leading down here.
You climb downwards.
There is a stone staircase leading up here.
Found a stone staircase leading down.
There is a stone staircase leading down here.
You climb downwards.
There is a stone staircase leading up here.
Found a murky silvery potion.
f - a murky silvery potion An endoplasm comes into view.
The endoplasm quivers.
Ijyb the Twisted Goblin comes into view.
She is wielding a +0 club, wearing a +2 scale mail of fire resistance and carrying a wand of flame.
Ijyb shouts!
You completely miss the endoplasm. The endoplasm hits you.
You hit the endoplasm but do no damage. You hit the endoplasm.
The endoplasm is moderately wounded.
The endoplasm misses you.
You hit the endoplasm.
You kill the endoplasm!
Found a chain mail.
You see here a +0 chain mail.
You open the door.
There is an open door here.
You close the door.
You open the door.
There is an open door here.
You open the door.
There is an open door here.
You open the door.
Duvessa and Dowan come into view.
Dowan is wielding a +0 dagger and wearing a +1 robe of fire resistance.
Dowan says, "My weaknesses are her strengths!"
Ijyb screams, "Me very upset!"
Ijyb zaps a wand.
The puff of flame hits you!
Ouch! That really hurt!
Ijyb zaps a wand.
The puff of flame hits you!
Ouch! That really hurt!
You die...

#.....# #.##.# ##.....##
##.##.## ##.......##
##.......
...####.........####...##.##
...ee.'.........'.......# #
..e####........g####...##
##.......## ##.## ##.....##
### ##.@.## ##'## #.# #.#
##.## ##...## #.....#
######...## .......[.######


You could see Ijyb.

Vanquished Creatures
  An endoplasm (D:4)
1 creature vanquished.

Notes
Turn   | Place    | Note
-------+----------+-------------------------------------------
     0 | D:1      | Bravepunisher the Spriggan Monk began the quest for the
                  | Orb.
     0 | D:1      | Reached XP level 1. HP: 11/11 MP: 2/2
    51 | D:4      | Noticed Ijyb
   125 | D:4      | Noticed Duvessa
   125 | D:4      | Noticed Dowan
   133 | D:4      | Killed from afar by Ijyb

Illustrated notes

Levels and vault maps discovered:
D:1:      lemuel_arrival_hallway, layout_loops_ring,
          chequers_ecumenical_altar_simple
D:2:      layout_rooms, minmay_misc_feat_four_crosses, minmay_misc_feat_tower,
          uniq_robin
D:3:      layout_basic, cheibriados_altar_1, serial_shops,
          nicolae_shop_just_a_little_nook, chequers_serial_rivers_micro_d
D:4:      layout_loops_corners, tso_altar, ebering_ghost_sewer_d,
          serial_bayou_lake_a, uniq_duvessa, uniq_ijyb

Action                     || total
---------------------------++-------
  Melee: Short sword       ||     4
 Armour: Robe              ||     3
  Dodge: Dodged            ||     1

Table legend: (Time is in decaauts)
 A = Elapsed time spent in this place.
 B = Non-inter-level travel time spent in this place.
 C = Inter-level travel time spent in this place.
 D = Time resting spent in this place.
 E = Time spent auto-exploring this place.
 F = Levels seen in this place.
 G = Mean time per level.
                   A        B        C        D        E       F      G
               +--------+--------+--------+--------+--------+-----+--------+
         Total |     85 |     85 |      0 |      0 |     12 |   4 |   21.2 |
       Dungeon |     85 |     85 |      0 |      0 |     12 |   4 |   21.2 |
               +--------+--------+--------+--------+--------+-----+--------+

Top non-repeatable levels by time:
     D:4: 63 daAuts
     D:1: 12 daAuts
     D:3: 7 daAuts
     D:2: 2 daAuts
